 Dungeon Crawl Stone Soup version 0.22-a0-567-gff9aefc (webtiles) character file.

136 Hebeh the Covered (level 4, 0/41 HPs)
             Began as a Minotaur Fighter on June 29, 2018.
             Succumbed to a worker ant's poison
             ... on level 4 of the Dungeon.
             The game lasted 00:04:47 (1916 turns).

Hebeh the Covered (Minotaur Fighter)                Turns: 1916, Time: 00:04:48

Health: 0/41       AC:  8    Str: 21    XL:     4   Next: 98%
Magic:  3/3        EV:  7    Int:  5    God:
Gold:   152        SH:  9    Dex: 10    Spells: 3/3 levels left

rFire    . . .     SeeInvis .   a - +0 war axe
rCold    . . .     Gourm    .   c - +0 shield
rNeg     . . .     Faith    .   b - +0 scale mail
rPois    .         Spirit   .   (helmet restricted)
rElec    .         Reflect  .   (no cloak)
rCorr    .         Harm     .   l - +0 pair of gloves
MR       .....                  (no boots)
Stlth    ..........             (no amulet)
HPRegen  0.13/turn              k - ring of loudness (curse)
MPRegen  0.08/turn              (no ring)

@: lethally poisoned (0 -> -10)
A: retaliatory headbutt, horns 2
a: no special abilities


You were on level 4 of the Dungeon.
You were hungry.

You visited 1 branch of the dungeon, and saw 4 of its levels.

You collected 152 gold pieces.

Inventory:

Hand Weapons
 a - a +0 war axe (weapon)
Armour
 b - a +0 scale mail (worn)
 c - a +0 shield (worn)
 l - a +0 pair of gloves (worn)
Jewellery
 k - a cursed ring of loudness (left hand)
 n - a +6 amulet of reflection {unknown}
Scrolls
 i - a scroll of magic mapping {unknown}
 m - a scroll of identify {unknown}
 o - a scroll of fog {unknown}
Potions
 d - a potion of might
 e - a potion of brilliance {unknown}
 h - 2 potions of agility {unknown}
 j - a potion of magic {unknown}
 p - a potion of degeneration {unknown}
Comestibles
 f - a ration
 g - 5 chunks of flesh


   Skills:
 + Level 4.4 Fighting
 * Level 4.4 Axes
 + Level 4.5 Armour
 + Level 4.4 Shields


You had 3 spell levels left.
You didn't know any spells.
Your spell library was empty.

Dungeon Overview and Level Annotations

Branches:
Dungeon (4/15)
 Temple: D:4-7

Altars:
Nemelex Xobeh


Innate Abilities, Weirdness & Mutations

You reflexively headbutt those who attack you in melee.
You have a pair of horns on your head.


Message History

The orc hits you but does no damage. The orc closely misses you.
The worker ant bites you.
* * * LOW HITPOINT WARNING * * *
You are lethally poisoned!
The worker ant poisons you!
You barely miss the orc.
The orc is almost dead.
You closely miss the orc. You slash the worker ant!
You kill the worker ant!
You are feeling hungry.
* * * LOW HITPOINT WARNING * * *
You feel sick. The orc hits you with a trident.
* * * LOW HITPOINT WARNING * * *
You block the orc's attack. The orc hits you with a trident.
* * * LOW HITPOINT WARNING * * *
The orc hits you but does no damage.
Unknown command.
Unknown command.
A hound comes into view.
You die...

#. ##
#####.######...##
................#
#####.#..###.)..#
#......)..<.#.#.####
#.#.............?...
#.#.#..##......### #
#....(..........
##..$.(.@......#
...h...##(†#...>..
##.##..##)oo...[.#
#. #.[##....!.... #
#h.....#..#.##
#.........# #
......##..# ####.#
..# #.# ..


You could see a hound (wandering) and 2 orcs.

Vanquished Creatures
  2 worker ants (D:4)
  An ooze (D:1)
  A worm (D:2)
  A dart slug (D:2)
  2 leopard geckos (D:3)
  13 orcs
  A ball python (D:4)
  A giant cockroach (D:1)
  6 hobgoblins
  6 jackals
  8 bats
  5 frilled lizards
  6 goblins
  4 kobolds
  9 rats
66 creatures vanquished.

Notes
Turn   | Place    | Note
-------+----------+-------------------------------------------
     0 | D:1      | Hebeh the Minotaur Fighter began the quest for the Orb.
     0 | D:1      | Reached XP level 1. HP: 19/19 MP: 0/0
   122 | D:1      | Reached XP level 2. HP: 21/27 MP: 1/1
   491 | D:1      | Reached XP level 3. HP: 33/33 MP: 2/2
  1272 | D:3      | Found a sparkling altar of Nemelex Xobeh.
  1825 | D:3      | Reached XP level 4. HP: 40/40 MP: 3/3
  1915 | D:4      | HP: 2/41 [orc/trident (3)]
  1916 | D:4      | Succumbed to a worker ant's poison

Vault maps used:
D:1:      dpeg_arrival_windows_large_door, serial_bayou_lagoon_b
D:3:      nemelex_xobeh_ov_fountains_minmay
D:4:      first_ration, uniq_menkaure, uniq_duvessa

Skill      XL: |  1  2  3  4 |
---------------+-------------+-----
Axes           | 3 4 |  4.4
Shields        | 4 |  4.4
Fighting       | 4 |  4.4
Armour         | 4 |  4.5

Action                   |  1- 3 |  4- 6 || total
-------------------------+-------+-------++-------
Melee: War axe           |   115 |    18 ||   133
       Headbutt          |    11 |     3 ||    14
  Eat: Chunk             |     3 |       ||     3
Armor: Scale mail        |    62 |    20 ||    82
Dodge: Dodged            |    29 |    13 ||    42
Block: Shield            |    49 |    19 ||    68

Table legend:
 A = Spawn XP
 B = Non-spawn XP
 C = Spawn XP percentage of total XP
 D = Spawn monster count
 E = Non-spawn monster count
 F = Spawn count percentage of total count
 G = Total turns spent on level
                    A         B        C        D         E        F      G
               +---------+---------+-------+---------+---------+-------+---------
         Total |       0 |     195 |   0.0 |       0 |      66 |   0.0 |  1916
               +---------+---------+-------+---------+---------+-------+---------
           D:1 |       0 |      41 |   0.0 |       0 |      22 |   0.0 |   586
           D:2 |       0 |      17 |   0.0 |       0 |       7 |   0.0 |   619
           D:3 |       0 |      41 |   0.0 |       0 |      22 |   0.0 |   678
           D:4 |       0 |      96 |   0.0 |       0 |      15 |   0.0 |    33
               +---------+---------+-------+---------+---------+-------+---------
